Cogmind - Beta 9.3 @@@ ROGUE MODE // 2019.12.31 @ 19:49:09 // Winter2019/RPGLIKE Player: BadAss McGhee Result: Destroyed by G-47 Trooper with Particle Gun Performance ------------- Evolutions (0) 0 Regions Visited (1) 200 Robots Destroyed (3) 15 Value Destroyed (96) 96 Prototype IDs (0) 0 Alien Tech Used (0) 0 Bonus (0) 0 TOTAL SCORE: 311 Bonus ------- None Cogmind --------- Core Integrity 0/600 Matter 285/300 Energy 169/175 System Corruption 0% Temperature Cool (166) Movement Walking (120) Location -10/Materials Parts ------- > --- POWER (1) -------- Light Ion Engine > --- PROPULSION (2) --- Aluminum Leg Aluminum Leg > --- UTILITY (2) ------ Sensor Array > --- WEAPON (2) ------- Medium Laser Medium Laser > --- INVENTORY (2) ---- EM Pulse Gun Peak State ------------ > --- POWER ------------ Light Ion Engine > --- PROPULSION ------- Aluminum Leg Aluminum Leg > --- UTILITY ---------- Sensor Array > --- WEAPON ----------- Medium Laser Medium Laser > --- INVENTORY -------- EM Pulse Gun [Rating: 6] Favorites ----------- Power Light Ion Engine Engine Light Ion Engine Propulsion Aluminum Leg Leg Aluminum Leg Utility Sensor Array Device Sensor Array Weapon Medium Laser Energy Gun Medium Laser Build | -11 -10 ------- Run | Scr Mat Slots Evolved 3 | 3 . Power . | . . Propulsion 1 | 1 . Utility 1 | 1 . Weapon 1 | 1 . Parts Attached 7 | 5 2 Power 1 | 1 . Engine 1 | 1 . Core . | . . Reactor . | . . Propulsion 2 | 2 . Treads . | . . Leg 2 | 2 . Wheel . | . . Hover . | . . Flight . | . . Utility 1 | . 1 Device 1 | . 1 Storage . | . . Processor . | . . Hackware . | . . Protection . | . . Artifact . | . . Weapon 3 | 2 1 Energy Gun 3 | 2 1 Energy Cannon . | . . Ballistic Gun . | . . Ballistic Cannon . | . . Launcher . | . . Special Weapon . | . . Impact Weapon . | . . Slashing Weapon . | . . Piercing Weapon . | . . Special Melee Weapon . | . . Unidentified Prototypes . | . . Parts Lost 1 | . 1 Power . | . . Propulsion . | . . Utility . | . . Weapon 1 | . 1 Highest Loss Streak 1 | . 1 Average Slot Usage (%) 80 | . 80 Engine 14 | . 14 Leg 28 | . 28 Device 11 | . 11 Energy Gun 25 | . 25 Naked Turns . | . . Heaviest Build 8 | 7 8 Greatest Support 25 | 25 25 Greatest Overweight (x) . | . . Average Overweight (x) . | . . Largest Inventory Capacity 2 | 2 2 Average Capacity 2 | 2 2 Most Carried 2 | 1 2 Average Carried 1 | . 1 Final Capacity 2 | 2 2 Final Carried 1 | 1 1 Class Distribution -------------------- 100% | Mutant Dominant Class ---------------- Mutant | -10/Materials Resources | -11 -10 ----------- Run | Scr Mat Matter Collected 250 | 250 . Remotely . | . . Salvage Created 103 | . 103 Parts 6 | . 6 Haulers Intercepted . | . . Recyclers Shooed . | . . Parts Field Recycled . | . . Retrieved Matter . | . . Parts Self-Destructed . | . . Prevented . | . . Kills | -11 -10 ------- Run | Scr Mat Combat Hostiles Destroyed 2 | . 2 Guns 1 | . 1 AOE 1 | . 1 Classes Destroyed 2 | . 2 Builder 1 | . 1 Grunt 2 | . 2 Best Kill Streak 3 | . 3 Combat Bots Only 2 | . 2 Max Kills in Single Turn 1 | . 1 Gunslinging . | . . Exploded 1 | . 1 Melee . | . . Uniques/NPCs Destroyed . | . . Combat | -11 -10 -------- Run | Scr Mat Damage Taken 738 | . 738 Core 607 | . 607 Absorbed by Shields . | . . Redirected to Core 428 | . 428 Core Remaining (%) 100 | 100 . Volleys Fired 24 | . 24 Largest 2 | . 2 Hottest 100 | . 100 Shots Fired 45 | . 45 Gun 45 | . 45 Cannon . | . . Launcher . | . . Special . | . . Kinetic . | . . Thermal 45 | . 45 Explosive . | . . Electromagnetic . | . . Robot Hit Streak 5 | . 5 Robot Miss Streak 2 | . 2 Penetration Max . | . . Secondary Targets . | . . Shots Hit Robots 27 | . 27 Core Hits 9 | . 9 Critical Hits . | . . Critical Kills . | . . Critical Parts Destroyed . | . . Melee Attacks . | . . Impact . | . . Slashing . | . . Piercing . | . . Sneak Attacks . | . . Combat Hostiles . | . . Follow-up Attacks . | . . Damage Inflicted 413 | . 413 Guns 326 | . 326 Cannons . | . . Explosions 87 | . 87 Melee . | . . Ramming . | . . Kinetic . | . . Thermal 326 | . 326 Explosive 87 | . 87 Electromagnetic . | . . Impact . | . . Slashing . | . . Piercing . | . . Highest Corruption . | . . Average Corruption . | . . Corruption Purged . | . . Overload Shots . | . . Overflow Damage . | . . Projectiles . | . . Explosions . | . . Melee . | . . Knockbacks . | . . Impact . | . . Kinetic . | . . Secondary . | . . Self-Inflicted Damage 88 | . 88 Shots 1 | . 1 Rammed . | . . Targets Rammed . | . . Kicked . | . . Crushed . | . . Highest Temperature 432 | . 432 Average Temperature 198 | . 198 Received Heat Transfer 357 | . 357 Effects 7 | . 7 Shutdowns 1 | . 1 Energy Bleed 3 | . 3 Damage (major) 3 | . 3 Siege Activations . | . . Robots Corrupted . | . . Combat Hostiles . | . . Parts Fried . | . . Impact Corruptions . | . . Robots Melted . | . . Combat Hostiles . | . . Parts Melted 1 | . 1 Heat Transferred 962 | . 962 Parts Sabotaged . | . . Parts Stolen . | . . Parts Stripped . | . . Power Chain Reactions . | . . Missiles Intercepted . | . . Alert | -11 -10 ------- Run | Scr Mat Peak Influence 70 | . 70 Average Influence 18 | . 21 Maximum Alert Level . | . . Low Security (%) 100 | 100 100 Level 1 . | . . Level 2 . | . . Level 3 . | . . Level 4 . | . . Level 5 . | . . High Security . | . . Max Security . | . . Squads Dispatched 1 | . 1 Investigation . | . . Extermination . | . . Reinforcement 1 | . 1 Assault . | . . Garrison . | . . Intercept . | . . Construction Impeded . | . . Haulers Reinforced . | . . Stealth | -11 -10 --------- Run | Scr Mat Distress Signals 1 | . 1 Communications Jammed . | . . Distress Signals . | . . Times Spotted 9 | . 9 Peak Tracking Total 6 | . 6 Tactical Retreats . | . . Traps | -11 -10 ------- Run | Scr Mat Traps Triggered . | . . Indirectly . | . . Trap Hack Attempts . | . . Triggered . | . . Disarmed . | . . Reprogrammed . | . . Reused . | . . Traps Extracted . | . . Installed . | . . Triggered . | . . Machines | -11 -10 ---------- Run | Scr Mat Machines Disabled 1 | . 1 Max in Single Turn 1 | . 1 Machines Sabotaged . | . . Garrisons Compromised . | . . Overloaded Fab Kills . | . . Fab Network Shutdowns . | . . Hacking | -11 -10 --------- Run | Scr Mat Machines Accessed 1 | . 1 Terminals 1 | . 1 Fabricators . | . . Repair Stations . | . . Recycling Units . | . . Scanalyzers . | . . Garrison Access . | . . Total Hacks 3 | . 3 Successful 1 | . 1 Failed 2 | . 2 Catastrophic . | . . Database Lockouts . | . . Manual . | . . Terminals 3 | . 3 Fabricators . | . . Repair Stations . | . . Recycling Units . | . . Scanalyzers . | . . Garrison Access . | . . Terminal Hacks 1 | . 1 Robot Analysis 1 | . 1 Fabricator Hacks . | . . Repair Station Hacks . | . . Recycling Unit Hacks . | . . Scanalyzer . | . . Garrison Access Hacks . | . . Unauthorized Hacks . | . . Terminals . | . . Fabricators . | . . Repair Stations . | . . Recycling Units . | . . Scanalyzers . | . . Garrison Access . | . . Data Cores Recovered . | . . Used . | . . Hacking Detections 1 | . 1 Full Trace Events 1 | . 1 Feedback Events . | . . Feedback Blocked . | . . Robot Schematics Acquired . | . . Robots Built . | . . Matter . | . . Time . | . . Total Robot Build Rating . | . . Part Schematics Acquired . | . . Parts Built . | . . Matter . | . . Time . | . . Total Part Build Rating . | . . Parts Repaired . | . . Time . | . . Parts Recycled . | . . Recycled Matter . | . . Retrieved Matter . | . . Retrieved Components . | . . Parts Scanalyzed . | . . Part Schematics Acquired . | . . Parts Damaged . | . . Bothacking | -11 -10 ------------ Run | Scr Mat Used RIF Installer . | . . Robots Hacked . | . . Non-combat . | . . Combat . | . . Robot Hacks Applied . | . . Relay Couplers Released . | . . Robots Rewired . | . . Allies Hacked . | . . Hacks Repelled . | . . Allies | -11 -10 -------- Run | Scr Mat Total Allies . | . . Largest Group . | . . Highest-Rated Group . | . . Highest-Rated Ally . | . . Total Orders . | . . Ally Attacks . | . . Total Damage . | . . Kills . | . . Allies Corrupted . | . . Allies Melted . | . . Intel | -11 -10 ------- Run | Scr Mat Robot Analysis Total 1 | . 1 Derelict Logs Recovered . | . . Drone Launches . | . . Drone Recoveries . | . . Exploration | -11 -10 ------------- Run | Scr Mat Turns Passed 271 | 41 230 Spaces Moved 154 | 35 119 Core 12 | 12 . Treads . | . . Legs 142 | 23 119 Wheels . | . . Hover . | . . Flight . | . . Fastest Speed 50 | 50 120 Average Speed 114 | 96 120 Slowest Speed 120 | 120 120 Overloaded Moves . | . . Propulsion Burnouts . | . . Robots Hopped . | . . Cave-ins Triggered . | . . Exploration Rate (%) 11 | 3 20 Regions Visited 1 Branch Regions . Pre-discovered Areas . | . . Known Exits Taken . | . . Unknown Exits Taken 1 | 1 . Scrap Searched . | . . Spaces Dug . | . . Terrain Destroyed 21 | . 21 Melee . | . . Projectile . | . . AOE 21 | . 21 Actions | -11 -10 --------- Run | Scr Mat Total 202 | 40 162 Wait 16 | . 16 Move 153 | 34 119 Hop . | . . Pick Up 2 | 1 1 Fast Attach 6 | 5 1 Attach 1 | . 1 Detach . | . . Swap . | . . Drop . | . . Fire 24 | . 24 Melee . | . . Ram . | . . Kick . | . . Crush . | . . Escape Stasis . | . . Rewire . | . . Trap . | . . Miscellaneous . | . . Route ------- -11/Scrapyard -10/Materials History --------- Turn | Location | Event 1 | -11/Scrapyard | Upgraded with Propulsion slot (x1) 1 | -11/Scrapyard | Upgraded with Utility slot (x1) 1 | -11/Scrapyard | Upgraded with Weapon slot (x1) 4 | -11/Scrapyard | Discovered new exit (range 17) 42 | -11/Scrapyard | Entered Materials 200 | -10/Materials | Core integrity fell below 50% 252 | -10/Materials | Core integrity fell below 20% 272 | -10/Materials | Destroyed by G-47 Trooper with Particle Gun Last Messages --------------- 00213_ Overheating: Med. Laser damaged (-3). 00213_ Overheating: Aluminum Leg damaged (-56). 00213_ Overheating: Sensor Array damaged (-14). 00213_ G-34 Mercenary heat spikes uncontrollably. 00213_ K-01 Serf collects debris. 00214_ Power failure, Lgt. Ion Engine shutdown. 00214_ U-05 Engineer lays Concrete. 00214_ G-34 Mercenary overheating. 00216_ U-05 Engineer builds a Door. 00216_ Med. Laser destroyed. 00217_ K-01 Serf collects debris. 00220_ U-05 Engineer lays Concrete. 00220_ K-01 Serf collects debris. 00221_ Overheating: Energy bleed (-31). 00221_ U-05 Engineer lays Concrete. 00222_ The unstable cave ceiling collapses. 00222_ U-05 Engineer lays Concrete. 00225_ U-05 Engineer builds a Wall. 00226_ U-05 Engineer lays Concrete. 00272_ G-47 Trooper heat short circuits Broken Aluminum Leg. Map ----- +----------------------------------------------------+ | ????????????????????????????????? | | ????????????????????????????????? | | ???????????????????????????#/#??? | | ??????????????????????????# #?? | | ???????????????????######## #?? | | ??????????????????? /?? | | ???????????????????? ! #?? | | ????????????????? ?[ ### | | ???????????? ?? | | ???????????? ?? | | ???????????# ??? = | | ???????????# ???? """%! | | ???????????# #?????# """| | | ???????????# #???### """ | | ???????????# #???#"" [ | | ???????????# #???#"" !%% | | ???????????# #???#"T =### | | ???????????# #???#"" # # | | ???????????# #???#"" # | | ???????????# #???## ## | | ???????????# #????# # | | ???????????# #?######/### ## | | ???????????# #?# #? | | ???????????# #?# "" """" ###? | | ??????###### g ### "" """" #??? | | ??????# @ g + "T """" #??? | | ####### ########## "" #??? | | # !!! # ########?# "" #??? | | # !!! # # #?# #??? | | # !! # # #?#############??? | | # # # " #????????????????? | | # # # T #????????????????? | | # + + " #????????????????? | | #| # # #????????????????? | | ####### #########???????????????? | | ?????# #???????????????? | | ?????# +???????????????? | | ?????# #???????????????? | | ?????# ########???????????????? | | ?????# #??????????????????????? | | ?????# #??????????????????????? | | ????## ##?????????????????????? | | ????# #?????????????????????? | | ????# #?????????????????????? | | ????# #?????????????????????? | | ????# #?????????????????????? | | ????# #?????????????????????? | | ????## ##?????????????????????? | | ?????# #??????????????????????? | | ??#### #??????????????????????? | +----------------------------------------------------+ Best States ------------- Heat Dissipation 31 Energy Generation 15 Energy Capacity 175 Matter Stores 300 Matter Capacity 300 Sight Range 17 Robot Scan Range 10 Terrain Scan Density 10 Evasion (%) 50 Item Schematics ----------------- None Robot Schematics ------------------ None Fabricated ------------ Nothing Alien Tech Used ----------------- None Achievements -------------- None Challenges ------------ None RPGLIKE | -11 -10 --------- Run | Scr Mat Levels Raised . | . . XP Earned 3325 | 3000 325 XP Spent 3000 | 3000 . Upgrades 10 | 10 . Propulsion Slot 1 | 1 . Utility Slot 1 | 1 . Weapon Slot 1 | 1 . Heat Dissipation 1 | 1 . Energy Generation 1 | 1 . Energy Storage 1 | 1 . Mass Support 1 | 1 . Inventory Capacity 2 | 2 . Sight Range 1 | 1 . Protomatter Created 30 | . 30 Protomatter Decayed 30 | . 30 Game ------ Seed BladeGuidedModule Manual? 0 Play Time 00:06:24 Cumulative 65.3 hours Start 2019.12.31 @ 19:45:03 End 2019.12.31 @ 19:49:09 Sessions 1 Manual Loads 0 Difficulty Rogue Special Mode Winter2019/RPGLIKE Game No. 80 Rogue 80 Adventurer 0 Explorer 0 Win Type - Total 0 Types 0/0/0/0/0/0/0 Lore% 11 Gallery% 30 Achievement% 20 Wizard Run 0 Options --------- ASCII 0 Keyboard 0 Movement Mouse Keybinds 0 Fullscreen 1 Font 18/SmallcapsGlow Map View 76x50 Tactical HUD 1 Map Filters NONE Filters NONE Steam 1 RUN: b524130f-054d-463b-8e7f-900310fe307c